 Dungeon Crawl Stone Soup version 0.20-a0-463-g5747544 (webtiles) character file.

610 mopl the Insei (level 7, 1/50 HPs)
             Began as a Barachian Transmuter on Jan 10, 2017.
             Quit the game on level 5 of the Dungeon.
             The game lasted 00:09:46 (6318 turns).

mopl the Insei (Barachian Transmuter)               Turns: 6318, Time: 00:09:47

Health: 1/50       AC:  2    Str:  8    XL:     7   Next: 43%
Magic:  10/10      EV: 20    Int: 12    God:
Gold:   238        SH:  0    Dex: 18    Spells: 4/10 levels left

rFire  . . .     SeeInvis .       - Unarmed
rCold  . . .     Gourm    .     (armour currently unavailable)
rNeg   . . .     Faith    .     (shield currently unavailable)
rPois  x         Spirit   .     (helmet currently unavailable)
rElec  .         Reflect  .     (cloak currently unavailable)
rCorr  +         Harm     .     (gloves currently unavailable)
MR     .....                    (boots currently unavailable)
Stlth  ++........               (no amulet)
                                (no ring)
                                w - ring of resist corrosion

@: lethally poisoned (1 -> -9), spider-form (expiring)
A: swims, (slowness 0), (strong legs 0)
a: End Transformation


You were on level 5 of the Dungeon.
You were not hungry.
You were a venomous arachnid creature.
You visited 1 branch of the dungeon, and saw 5 of its levels.

You collected 238 gold pieces.

Inventory:

Hand Weapons
 s - a +2 dagger of pain
 u - a +0 quarterstaff (melded)
 v - a +0 blowgun
Missiles
 a - 45 arrows
 k - 163 stones (quivered)
 l - 6 needles of frenzy
 m - 9 tomahawks
 n - 6 poisoned needles
Armour
 b - a +1 robe (melded)
Jewellery
 w - a ring of resist corrosion (left front leg)
Scrolls
 e - 2 scrolls of identify
 f - a scroll of remove curse {unknown}
 i - 3 scrolls of enchant armour
 o - a scroll of blinking
 t - a scroll of fog {unknown}
Potions
 g - 2 potions of cure mutation {!q}
 h - a potion of might
 p - a potion of magic
Books
 c - a book of Changes

   Spells                             Type                      Level
   a - Beastly Appendage              Transmutation                1
   b - Sticks to Snakes               Transmutation                2
   c - Spider Form                    Transmutation/Poison         3
   d - Ice Form                       Ice/Transmutation            4
   e - Blade Hands                    Transmutation                5
Comestibles
 d - 4 bread rations
 j - 6 fruits
 q - a royal jelly
 r - 3 meat rations


   Skills:
 + Level 2.1 Fighting
 + Level 2.5 Dodging
 * Level 5.7 Unarmed Combat
 - Level 2.0 Spellcasting
 + Level 4.7 Transmutations
 - Level 3.0 Poison Magic


You had 4 spell levels left.
You knew the following spells:

 Your Spells              Type           Power        Failure   Level  Hunger
a - Beastly Appendage     Tmut           ##....       14%         1    ##.....
b - Spider Form           Tmut/Pois      ##........   41%         3    ####...
w - Sticks to Snakes      Tmut           ##......     21%         2    ###....


Dungeon Overview and Level Annotations

Branches:
Dungeon (5/15)
 Temple: D:4-7

Altars:
Nemelex Xobeh
Sif Muna
Trog


Innate Abilities, Weirdness & Mutations

You can swim through water.
((You cover ground slowly.))
((You can hop short distances.))


Message History

You feel less confused.
* * * LOW HITPOINT WARNING * * *
You feel sick. The adder closely misses you.
You hit the adder.
The adder is poisoned.
The adder is moderately wounded.
* * * LOW HITPOINT WARNING * * *
You feel sick. The adder closely misses you. x2
Unknown command.
You bite the adder!
You kill the adder!
* * * LOW HITPOINT WARNING * * *
You feel sick.
Unknown command.
Okay, then.
* * * LOW HITPOINT WARNING * * *
You feel sick.
The orc wizard gestures at you while chanting.
The puff of flame hits you!
* * * LOW HITPOINT WARNING * * *
Are you sure you want to abandon this character and quit the game? (Confirm with "yes".)

###.###..#... ...##...
....#.....># #.<...#
.....##..## #.....#
###..##...###
#....#...
####..(........#
#§ZY.....
...............# ##)#
..###..........####o)#
....<..........##.ao##
..###.....(....#so###
. ########..##.##
#..##.# #.....#
####.#.:#####
#.....).....#
#...........##
#.............
#..........###


You could see a sky beast, a worker ant, an orc wizard, 2 orcs and a bullfrog
skeleton.

Vanquished Creatures
  Edmund (D:4)
  A centaur (D:4)
  Blork the orc (D:4)
  A scorpion (D:4)
  4 orc wizards
  A worker ant (D:4)
  A hound skeleton (D:4)
  6 adders
  2 dart slugs
  5 leopard geckos
  7 orcs
  2 ball pythons
  4 bats
  6 giant cockroaches
  14 goblins
  9 hobgoblins
  7 jackals (D:1)
  2 quokkas
  5 frilled lizards
  8 kobolds
  A leopard gecko skeleton (D:4)
  8 rats
96 creatures vanquished.

Vanquished Creatures (others)
  A leopard gecko (D:3)
1 creature vanquished.

Grand Total: 97 creatures vanquished

Notes
Turn   | Place    | Note
-------+----------+-------------------------------------------
     0 | D:1      | mopl the Barachian Transmuter began the quest for the Orb.
     0 | D:1      | Reached XP level 1. HP: 15/15 MP: 3/3
   112 | D:1      | Reached XP level 2. HP: 16/21 MP: 3/5
   116 | D:1      | Learned a level 2 spell: Sticks to Snakes
   875 | D:1      | HP: 1/21 [kobold/short sword (5)]
   912 | D:1      | HP: 1/21 [kobold/short sword (1)]
   920 | D:1      | Reached XP level 3. HP: 1/26 MP: 0/6
   927 | D:1      | HP: 1/26 [jackal (1)]
  1243 | D:1      | Learned a level 3 spell: Spider Form
  1834 | D:2      | Found a bloodstained altar of Trog.
  2530 | D:2      | Reached skill level 4 in Unarmed Combat
  2783 | D:2      | Reached skill level 3 in Transmutations
  2818 | D:2      | Reached XP level 4. HP: 30/32 MP: 7/7
  3039 | D:3      | Reached skill level 1 in Poison Magic
  4089 | D:3      | Reached XP level 5. HP: 33/37 MP: 4/8
  4396 | D:4      | Noticed Blork the orc
  4402 | D:4      | Killed Blork the orc
  4402 | D:4      | Reached skill level 2 in Poison Magic
  4734 | D:4      | Reached skill level 4 in Transmutations
  4734 | D:4      | Reached XP level 6. HP: 37/43 MP: 2/9
  4878 | D:4      | Found a sparkling altar of Nemelex Xobeh.
  5306 | D:4      | Reached skill level 5 in Unarmed Combat
  5598 | D:4      | Found a deep blue altar of Sif Muna.
  5629 | D:4      | Reached skill level 3 in Poison Magic
  5752 | D:5      | Entered Level 5 of the Dungeon
  5752 | D:5      | Noticed Edmund
  5752 | D:5      | Noticed a phantom
  5804 | D:4      | Killed Edmund
  5804 | D:4      | Reached XP level 7. HP: 21/49 MP: 5/10
  6310 | D:5      | Reached skill level 2 in Fighting
  6317 | D:5      | HP: 1/50 [orc wizard/puff of flame (4)]
  6318 | D:5      | Quit the game

Vault maps used:
D:1:      minmay_arrival_plants_in_alcoves, minmay_pentomino_w4
D:2:      overflow_temple_1_default
D:4:      lemuel_blue_sif_altar, first_bread, nemelex_spade_bored_becter,
          uniq_blork_the_orc
D:5:      xom_teletrap_fun, uniq_edmund

Skill      XL: |  1  2  3  4  5  6  7 |
---------------+----------------------+-----
Unarmed Combat | 4 5 |  5.7
Transmutations | 3 4 |  4.7
Poison Magic   | 1 2 3 |  3.0
Fighting       | 2 |  2.1
Dodging        | |  2.5
Spellcasting   | |  2.0

Action                   |  1- 3 |  4- 6 |  7- 9 || total
-------------------------+-------+-------+-------++-------
Melee: Whip              |    80 |       |       ||    80
       Kick              |    11 |     1 |       ||    12
       Headbutt          |     3 |       |       ||     3
       Dagger            |   122 |   110 |       ||   232
       Punch             |     2 |     2 |       ||     4
       Quarterstaff      |       |    91 |     9 ||   100
       Unarmed           |       |    62 |    30 ||    92
 Cast: Beastly Appendage |    18 |     1 |       ||    19
       Sticks to Snakes  |     4 |       |       ||     4
       Spider Form       |       |    10 |     5 ||    15
  Use: Scroll            |     4 |     2 |     2 ||     8
       Potion            |     1 |       |     1 ||     2
 Stab: Sleeping          |     1 |       |       ||     1
  Eat: Chunk             |     8 |    10 |     3 ||    21
       Pizza             |       |     1 |       ||     1
Armor: Robe              |    35 |    36 |     1 ||    72
       Skin              |       |     3 |       ||     3
Dodge: Dodged            |   112 |   185 |    44 ||   341
